 Dungeon Crawl Stone Soup version 0.29-a0-468-ge57f7f99b4 (webtiles) character file.

Game seed: 2465343636735348980

598 happo123 the Ruffian (level 7, -3/70 HPs)
             Began as a Troll Monk on May 22, 2022.
             Slain by an orc
             ... wielding a +0 falchion
              (5 damage)
             ... on level 5 of the Dungeon.
             The game lasted 00:13:05 (2860 turns).

happo123 the Ruffian (Troll Monk)                   Turns: 2860, Time: 00:13:06

Health: -3/70      AC:  4    Str: 22    XL:     7   Next: 17%
Magic:  15/15      EV: 11    Int:  6    God:
Gold:   204        SH:  0    Dex: 12    Spells: 6/6 levels left

rFire   . . .      SeeInvis .     - Unarmed
rCold   . . .      Faith    .   (no shield)
rNeg    . . .      Spirit   .   a - +0 robe
rPois   .          Reflect  .   (helmet restricted)
rElec   .          Harm     .   (no cloak)
rCorr   .          Rampage  .   (gloves unavailable)
Will    .....                   (boots unavailable)
Stlth   ++........              (no amulet)
HPRegen 1.01/turn               g - ring of magical power
MPRegen 0.14/turn               (no ring)

@: lethally poisoned (-3 -> -6)
A: large, unfitting armour, claws 3, regeneration 1, shaggy fur 1, tough skin 1
a: no special abilities


You were on level 5 of the Dungeon.
You visited 1 branch of the dungeon, and saw 5 of its levels.

You collected 204 gold pieces.

Inventory:

Armour
 a - a +0 robe (worn)
Magical Staves
 r - a staff of air
Jewellery
 g - a ring of magical power (left claw)
Scrolls
 c - a scroll of enchant armour {unknown}
 i - 3 scrolls of identify
 k - 3 scrolls of enchant weapon
 l - 4 scrolls of noise
 m - a scroll of teleportation {unknown}
 n - a scroll of brand weapon {unknown}
 o - a scroll of blinking {unknown}
 q - a scroll of torment {unknown}
Potions
 b - 2 potions of ambrosia
 d - 3 potions of lignification
 e - 4 potions of might
 f - 8 potions of curing
 h - a potion of cancellation {unknown}
 j - a potion of heal wounds {unknown}
 p - a potion of mutation {unknown}
 s - a potion of haste {unknown}


   Skills:
 + Level 4.0 Fighting
 + Level 4.0 Dodging
 + Level 2.5 Stealth
 + Level 4.8 Unarmed Combat


You had 6 spell levels left.
You didn't know any spells.
Your spell library was empty.

Dungeon Overview and Level Annotations

Branches:
Dungeon (5/15)
 Temple: D:4-7

Altars:
Vehumet

Annotations:
D:5 5 runed translucent doors


Innate Abilities, Weirdness & Mutations

You are too large for most types of armour.
You have claws for hands.
Your natural rate of healing is unusually fast.
You are covered in fur. (AC +1)
You have tough skin. (AC +1)


Message History

You scratch the phantom but do no damage.
The phantom hits you.
The phantom blinks!
You blink.
You miss the phantom. The phantom hits you.
The phantom blinks!
You blink.
The gnoll sergeant misses you.
The gnoll shouts!
You claw the phantom!
The phantom is heavily damaged.
The gnoll sergeant misses you. The orc hits you but does no damage.
The phantom hits you.
The phantom blinks!
You blink.
A gnoll and an orc come into view.
You closely miss the phantom.
The phantom is heavily damaged.
The gnoll sergeant hits you from afar with a +4 trident of venom!
You are poisoned.
The phantom hits you.
The phantom blinks!
You blink.
An orc comes into view. It is wielding a +0 hand axe.
The orc shouts!
You scratch the phantom.
The phantom is severely damaged.
You feel extremely sick.
You claw the phantom!
You destroy the phantom!
You feel very sick.
Your Fighting skill increases to level 4!
Your Dodging skill increases to level 4!
The orc attacks as you move away! The orc hits you but does no damage.
You feel very sick. The gnoll barely misses you.
You feel very sick. The gnoll hits you with a +0 whip!
* * * LOW HITPOINT WARNING * * *
The orc attacks as you move away! The orc barely misses you.
You feel very sick. The orc barely misses you.
The gnoll hits you with a +0 flail.
* * * LOW HITPOINT WARNING * * *
The orc hits you with a +0 hand axe.
* * * LOW HITPOINT WARNING * * *
The gnoll attacks as you move away! The gnoll barely misses you.
The orc attacks as you move away! The orc hits you with a +0 falchion.
You die...

###### P≈ ..#.....## ≈≈P
##........#
≈P≈#.........##
≈♣≈≈#..........##
≈≈P#............#
≈.≈.............##
≈≈.....oog.......#
≈≈.....@oog.....## ####
.≈......g.g.....#####...
........g.o.....#.).....
.................####...
................## #...
##..........##### ####
############


You could see a gnoll sergeant, 4 gnolls and 5 orcs.

Vanquished Creatures
  Sigmund (D:3)
  A phantom (D:5)
  A howler monkey (D:4)
  3 jellies (D:4)
  An orc priest (D:3)
  2 orc wizards (D:4)
  A gnoll (D:5)
  6 adders
  3 worms
  2 dart slugs (D:1)
  11 orcs
  2 bats
  6 endoplasms
  2 giant cockroaches (D:4)
  2 goblins (D:1)
  11 hobgoblins
  3 jackals (D:3)
  A quokka (D:3)
  4 ball pythons
  5 frilled lizards
  2 kobolds
  7 rats
77 creatures vanquished.

Vanquished Creatures (others)
  14 plants (D:5)
14 creatures vanquished.

Grand Total: 91 creatures vanquished

Notes
Turn   | Place    | Note
-------+----------+-------------------------------------------
     0 | D:1      | happo123 the Troll Monk began the quest for the Orb.
     0 | D:1      | Reached XP level 1. HP: 22/22 MP: 0/0
   181 | D:1      | Reached XP level 2. HP: 29/29 MP: 1/1
   906 | D:2      | Reached XP level 3. HP: 36/36 MP: 2/2
  1213 | D:2      | Found a radiant altar of Vehumet.
  1378 | D:3      | Reached XP level 4. HP: 43/44 MP: 3/3
  1512 | D:3      | Noticed Sigmund
  1538 | D:3      | Killed Sigmund
  1538 | D:3      | Identified the +1 ring mail of Gausch {rPois}
  1539 | D:3      | Reached XP level 5. HP: 21/53 MP: 4/4
  1539 | D:3      | Reached XP level 6. HP: 25/61 MP: 5/5
  1649 | D:3      | Found a faded altar of an unknown god.
  2406 | D:4      | Reached XP level 7. HP: 31/68 MP: 6/6
  2651 | D:5      | Entered Level 5 of the Dungeon
  2670 | D:5      | Found a runed translucent door.
  2673 | D:5      | Found a runed translucent gate.
  2674 | D:5      | Found the +9 staff of Olgreb {rPois∞}
  2678 | D:5      | Found a runed translucent door.
  2706 | D:5      | Noticed a redback
  2710 | D:5      | Noticed a redback
  2713 | D:5      | Noticed a redback
  2714 | D:5      | Found a runed translucent gate.
  2714 | D:5      | Noticed a redback
  2715 | D:5      | Found a runed translucent gate.
  2859 | D:5      | HP: 2/70 [orc/+0 hand axe (3)]
  2860 | D:5      | Slain by an orc

Illustrated notes

Levels and vault maps discovered:
D:1:      wander_arrival_estate, layout_basic
D:2:      layout_basic, basic_altar
D:3:      minmay_recursive_quarters, layout_rooms, overflow_temple_1_default,
          shapermc_ecumenical_altar_pompeii, minmay_box_of_dots, uniq_sigmund
D:4:      layout_basic
D:5:      layout_cave_pods, serial_bayou_lagoon_a, minmay_statues_item,
          minmay_liquid_box, kb_lookout_dungeons_type,
          minmay_guarded_unrand_staff_of_olgreb

Skill      XL: |  1  2  3  4  5  6  7 |
---------------+----------------------+-----
Fighting       | 3 4 |  4.0
Dodging        | 3 4 |  4.0
Stealth        | 2 |  2.5
Unarmed Combat | 4 |  4.8

Action                   |  1- 3 |  4- 6 |  7- 9 || total
-------------------------+-------+-------+-------++-------
Melee: Unarmed           |    83 |   147 |    13 ||   243
       Punch             |       |     5 |       ||     5
  Use: Scroll            |       |     4 |     1 ||     5
 Stab: Sleeping          |     5 |     2 |       ||     7
Armor: Robe              |    17 |    32 |     2 ||    51
Dodge: Dodged            |    34 |    40 |     9 ||    83

Table legend: (Time is in decaauts)
 A = Elapsed time spent in this place.
 B = Non-inter-level travel time spent in this place.
 C = Inter-level travel time spent in this place.
 D = Time resting spent in this place.
 E = Time spent auto-exploring this place.
 F = Levels seen in this place.
 G = Mean time per level.
                   A        B        C        D        E       F      G
               +--------+--------+--------+--------+--------+-----+--------+
         Total |   2841 |   2410 |    431 |      0 |   1770 |   5 |  568.2 |
       Dungeon |   2841 |   2410 |    431 |      0 |   1770 |   5 |  568.2 |
               +--------+--------+--------+--------+--------+-----+--------+

Top non-repeatable levels by time:
     D:1: 831 daAuts
     D:4: 693 daAuts
     D:3: 613 daAuts
     D:2: 496 daAuts
     D:5: 207 daAuts
